 Dungeon Crawl Stone Soup version 0.24.0-123-gd5b16e6ec5 (webtiles) character file.

Game seed: 18036230426611518113, levelgen mode: deterministic

2547 mortelune the Carver (level 9, -1/72 HPs)
             Began as a Formicid Abyssal Knight on Dec 21, 2019.
             Was a Priest of Lugonu.
             Slain by a troll (10 damage)
             ... on level 8 of the Dungeon.
             The game lasted 00:17:18 (9412 turns).

mortelune the Carver (Formicid Abyssal Knight)      Turns: 9412, Time: 00:17:19

Health: -1/72      AC: 16    Str: 19      XL:     9   Next: 86%
Magic:  11/11      EV:  3    Int: 12 (13) God:    Lugonu [***...]
Gold:   358        SH:  8    Dex: 10 (12) Spells: 8/8 levels left

rFire    . . .     SeeInvis +   a - +2 falchion
rCold    . . .     Gourm    .   f - +1 shield {AC+3}
rNeg     . . .     Faith    .   l - +0 plate armour
rPois    .         Spirit   .   (helmet unavailable)
rElec    .         Reflect  .   A - +0 cloak (curse)
rCorr    .         Harm     .   (no gloves)
MR       +....                  (no boots)
Stlth    ..........             x - amulet of regeneration
HPRegen  0.62/turn              u - +2 ring of dexterity
MPRegen  0.12/turn              z - +2 ring of intelligence

@: heavily drained
A: permanent stasis, dig shafts and tunnels, four strong arms, antennae 3,
clumsy 1, dopey 1, magic resistance 1, strong 1
a: Dig, Shaft Self, Depart the Abyss, Bend Space, Banish, Renounce Religion


You were on level 8 of the Dungeon.
You worshipped Lugonu.
Lugonu was most pleased with you.
You were not hungry.

You visited 1 branch of the dungeon, and saw 8 of its levels.
You visited the Abyss 1 time.

You collected 358 gold pieces.

Inventory:

Hand Weapons
 a - a +2 falchion (weapon)
 s - a +4 flail
Missiles
 g - 5 boomerangs
 y - 4 curare-tipped darts (quivered)
Armour
 b - a +0 leather armour
 f - a +1 shield of protection (worn)
 h - a +1 ring mail
 k - a +0 ring mail
 l - a +0 plate armour (worn)
 A - a cursed +0 cloak (worn)
Jewellery
 u - a +2 ring of dexterity (left hand)
 x - an amulet of regeneration (around neck)
 z - a +2 ring of intelligence (right hand)
 E - an uncursed amulet of magic regeneration
Wands
 p - a wand of flame (8)
 q - a wand of iceblast (11)
 D - a wand of polymorph (1)
Scrolls
 d - 5 scrolls of remove curse
 m - 2 scrolls of teleportation
 r - a scroll of fear
 B - a scroll of torment
 C - a scroll of enchant armour
Potions
 e - a potion of degeneration
 i - 3 potions of flight
 j - a potion of ambrosia {unknown}
 n - a potion of curing
 o - a potion of resistance
 t - a potion of lignification
 w - a potion of mutation
Comestibles
 c - 5 rations
 v - 4 chunks of flesh


   Skills:
 + Level 7.5(5.7) Fighting
 * Level 9.1(7.2) Long Blades
 + Level 7.1(5.3) Armour
 - Level 0.8(0.0) Dodging
 + Level 3.3(1.7) Invocations


You had 8 spell levels left.
You didn't know any spells.
Your spell library contained the following spells:

 Spells                   Type           Power        Failure   Level  Hunger
 Animate Skeleton         Necr           N/A          100%        1    ##.....
 Apportation              Tloc           #.....       100%        1    ##.....
 Beastly Appendage        Tmut           #.....       100%        1    ##.....
 Confusing Touch          Hex            #.....       100%        1    ##.....
 Summon Small Mammal      Summ           #...         100%        1    ##.....
 Sticks to Snakes         Tmut           #.......     100%        2    ###....
 Spider Form              Tmut/Pois      #.........   100%        3    ####...
 Ice Form                 Ice/Tmut       #.......     100%        4    #####..
 Blade Hands              Tmut           #.........   100%        5    ######.


Dungeon Overview and Level Annotations

Branches:
Dungeon (8/15)             Temple (0/1) D:5
   Lair: D:8-11

Altars:
Fedhas
Gozag
Nemelex Xobeh
Qazlal
Trog
Uskayaw

Shops:
D:7 }

Annotations:
D:3 Grinder


Innate Abilities, Weirdness & Mutations

You cannot be hasted, slowed, berserked, paralysed or teleported.
You can dig through walls and to a lower floor.
Your four strong arms can wield two-handed weapons with a shield.
You have a pair of large antennae on your head. (SInv)
You are clumsy. (Dex -2)
You are dopey. (Int -2)
You are resistant to hostile enchantments. (MR+)
Your muscles are strong. (Str +2)


Message History

Press: ? - help, Shift-Dir - straight line, f/p - troll
Aim: a troll (moderately wounded, chance to defeat MR: 46%)
The troll resists with some effort.
The troll bites you but does no damage. You block the troll's attack.
The troll claws you.
* * * LOW HITPOINT WARNING * * *
The orc wizard gestures wildly while chanting.
The orc wizard flickers and vanishes for a moment.
Things that are here:
a cursed -3 giant club; a hippogriff skeleton Evoke which item? (* to show all) (? for menu, Esc to quit)
Aiming: Polymorph
Press: ? - help, Shift-Dir - straight line, f/p - troll
Aim: a troll (moderately wounded, chance to defeat MR: 46%)
The troll resists with some effort.
The troll bites you!
* * * LOW HITPOINT WARNING * * *
The troll claws you but does no damage. x2
There is an escape hatch in the ceiling, spattered with blood here.
You feel better. The troll bites you but does no damage.
The troll claws you but does no damage. The troll claws you!
You die...

####..#.###.#######.#.#####.####.
# #..#.# #.# #.#.#..........
####..#.###.# #.#.#.####.###.
............# #.#.#.# #..##.
......#.##### #.#.#.# ##....
#######[# #...#.#####.[#.
...<..#.# #.#............
......#.###########.#.#.###....#.
..≈≈..#.##......@.#.###.# #......
...≈..#.##.######T#.# #.######...
......#.# #o### #..........
......#.# #.# #..........
......#.# #.#####..........
......#.##.######................
........................
#.#####.#####.#.........
#.#......########.


You could see a troll and an orc wizard (invisible).

Vanquished Creatures
  Maurice (D:8)
  A hippogriff (D:8)
  A hungry ghost (D:6)
  2 orc warriors
  A sky beast (D:5)
  2 ogres
  A phantom (D:7)
  A centaur (D:7)
  A gnoll sergeant (D:6)
  A bullfrog (D:6)
  A scorpion (D:6)
  A centaur zombie (D:7)
  4 crimson imps
  A quasit (D:7)
  2 orc priests
  6 hounds
  8 orc wizards
  An iguana (D:6)
  Ijyb (D:4)
  Terence (D:3)
  3 worker ants
  4 gnolls (D:6)
  17 adders
  An ooze (D:4)
  5 worms
  A dart slug (D:1)
  8 leopard geckos
  17 orcs
  2 ball pythons
  7 giant cockroaches
  2 goblins
  10 hobgoblins
  9 jackals
  8 kobolds
  2 quokkas
  2 bats
  3 frilled lizards
  A leopard gecko skeleton (D:7)
  A leopard gecko zombie (D:7)
  8 rats
  A plant (D:7)
150 creatures vanquished.

Notes
Turn   | Place    | Note
-------+----------+-------------------------------------------
     0 | Abyss:1  | mortelune the Formicid Abyssal Knight began the quest for
                  | the Orb.
     0 | Abyss:1  | Reached XP level 1. HP: 18/18 MP: 2/2
    25 | Abyss:1  | Noticed an orange demon
    27 | D:1      | Escaped the Abyss
   369 | D:1      | Reached XP level 2. HP: 24/24 MP: 3/3
   563 | D:1      | Reached * piety under Lugonu
   817 | D:1      | Reached XP level 3. HP: 28/29 MP: 4/4
  1212 | D:2      | Reached skill level 3 in Long Blades
  1362 | D:2      | Reached XP level 4. HP: 23/37 MP: 5/5
  2681 | D:2      | Reached XP level 5. HP: 42/42 MP: 6/6
  2925 | D:3      | Noticed Terence
  2940 | D:3      | Killed Terence
  3033 | D:3      | Reached skill level 4 in Long Blades
  3296 | D:3      | Noticed Grinder
  3309 | D:3      | Gained mutation: You are dopey. (Int -2) [potion of
                  | mutation]
  3309 | D:3      | Gained mutation: You are clumsy. (Dex -2) [potion of
                  | mutation]
  3309 | D:3      | Gained mutation: You are resistant to hostile enchantments.
                  | (MR+) [potion of mutation]
  3309 | D:3      | Gained mutation: Your muscles are strong. (Str +2) [potion
                  | of mutation]
  3555 | D:3      | Reached XP level 6. HP: 17/49 MP: 7/7
  4218 | D:4      | Reached ** piety under Lugonu
  4415 | D:4      | Noticed Ijyb
  4451 | D:4      | Killed Ijyb
  4736 | D:4      | Reached skill level 5 in Long Blades
  5033 | D:5      | Entered Level 5 of the Dungeon
  5041 | D:5      | Reached XP level 7. HP: 54/55 MP: 8/8
  5069 | D:5      | Reached skill level 5 in Fighting
  5560 | D:5      | Reached skill level 6 in Long Blades
  5645 | D:5      | Found a staircase to the Ecumenical Temple.
  5739 | D:5      | Found a hide-covered altar of Uskayaw.
  5741 | D:5      | Found a bloodstained altar of Trog.
  5765 | D:5      | Reached XP level 8. HP: 44/63 MP: 9/9
  5933 | D:5      | Found a sparkling altar of Nemelex Xobeh.
  6205 | D:6      | Reached skill level 5 in Armour
  6721 | D:6      | Reached skill level 7 in Long Blades
  6943 | D:6      | Reached *** piety under Lugonu
  7396 | D:6      | Reached XP level 9. HP: 62/71 MP: 10/10
  7614 | D:7      | Reached skill level 8 in Long Blades
  7782 | D:7      | Found Hitym's Gadget Emporium.
  7858 | D:7      | Found an opulent altar of Gozag.
  7961 | D:7      | Found a stormy altar of Qazlal.
  7962 | D:7      | Found a blossoming altar of Fedhas.
  8895 | D:8      | Noticed Maurice
  8967 | D:8      | Killed Maurice
  9198 | D:8      | Noticed a hippogriff
  9224 | D:8      | Reached skill level 9 in Long Blades
  9240 | D:8      | Killed a hippogriff
  9380 | D:8      | Noticed a troll
  9410 | D:8      | HP: 3/72 [troll (12)]
  9412 | D:8      | Slain by a troll

Levels and vault maps discovered:
D:1:      nicolae_arrival_washed_ashore, layout_rooms
D:2:      layout_basic
D:3:      layout_basic, tgw_xom, uniq_terence, uniq_grinder
D:4:      layout_gridville, first_ration, uniq_ijyb
D:5:      layout_basic, minitemple, nemelex_xobeh_ov_fountains_minmay,
          minmay_temple_entry_mist
D:6:      layout_basic
D:7:      layout_basic, grunt_temple_overflow_forces_of_nature,
          grunt_gozag_statues, enter_ossuary_3, serial_shops, shop
D:8:      layout_basic, uniq_maurice

Skill      XL: |  1  2  3  4  5  6  7  8  9 |
---------------+----------------------------+-----
Long Blades    | 3 4 5 6 7 9 |  9.1
Armour         | 3 4 6 7 |  7.1
Fighting       | 4 5 6 7 |  7.5
Invocations    | 3 |  3.3
Dodging        | |  0.8

Action                   |  1- 3 |  4- 6 |  7- 9 || total
-------------------------+-------+-------+-------++-------
Melee: Falchion          |    73 |   220 |   606 ||   899
Throw: Dart              |       |       |     3 ||     3
Invok: Depart the Abyss  |     1 |       |       ||     1
 Abil: Dig               |       |       |     2 ||     2
Evoke: Wand              |       |       |     3 ||     3
  Use: Scroll            |     5 |       |    12 ||    17
       Potion            |     2 |     4 |     3 ||     9
  Eat: Chunk             |     1 |     9 |     7 ||    17
       Ration            |       |     1 |     3 ||     4
Armor: Ring mail         |    15 |    86 |   138 ||   239
       Leather armour    |     1 |       |       ||     1
       Plate armour      |       |       |   211 ||   211
       Skin              |       |       |     9 ||     9
Dodge: Dodged            |    44 |   110 |   191 ||   345
Block: Shield            |       |       |   160 ||   160
       Rpst.: Falchion   |    17 |    28 |    60 ||   105
